 Dungeon Crawl Stone Soup version 0.27.0-1-g7a089689b8 (webtiles) character file.

Game seed: 14317326520095462757

76 fiver49 the Sneak (level 4, 0/26 HPs)
             Began as a Tengu Brigand on Aug 10, 2021.
             Slain by an orc wizard (1 damage)
             ... on level 3 of the Dungeon.
             The game lasted 00:04:39 (2477 turns).

fiver49 the Sneak (Tengu Brigand)                   Turns: 2477, Time: 00:04:40

Health: 0/26       AC:  4    Str: 13    XL:     4   Next: 32%
Magic:  5/5        EV: 13    Int: 11    God:
Gold:   111        SH:  0    Dex: 15    Spells: 3/3 levels left

rFire    . . .     SeeInvis .   g - +1 dagger (venom)
rCold    . . .     Faith    .   (no shield)
rNeg     . . .     Spirit   .   j - +0 leather armour
rPois    .         Reflect  .   (helmet restricted)
rElec    .         Harm     .   c - +0 cloak
rCorr    .         Rampage  .   (no gloves)
Will     .....                  (boots unavailable)
Stlth    +.........             (no amulet)
HPRegen  0.08/turn              (no ring)
MPRegen  0.09/turn              (no ring)

@: confused
A: beak, talons 3
a: no special abilities


You were on level 3 of the Dungeon.
You visited 1 branch of the dungeon, and saw 3 of its levels.

You collected 111 gold pieces.

Inventory:

Hand Weapons
 a - a +2 dagger
 g - a +1 dagger of venom (weapon)
Missiles
 d - 10 poisoned darts (quivered)
 e - 2 curare-tipped darts
Armour
 b - a +0 robe
 c - a +0 cloak (worn)
 j - a +0 leather armour (worn)
 m - +0 gold dragon scales
Scrolls
 f - a scroll of fear {unknown}
 h - a scroll of vulnerability {unknown}
 k - 2 scrolls of identify {unknown}
 o - a scroll of blinking {unknown}
 p - a scroll of enchant armour {unknown}
 q - a scroll of noise {unknown}
Potions
 i - a potion of degeneration {unknown}
 l - a potion of attraction {unknown}
 n - a potion of heal wounds {unknown}
 r - a potion of flight {unknown}


   Skills:
 - Level 2.0 Fighting
 + Level 2.9 Short Blades
 - Level 2.0 Throwing
 - Level 4.0 Dodging
 - Level 4.0 Stealth


You had 3 spell levels left.
You didn't know any spells.
Your spell library contained the following spells:

 Spells                   Type           Power      Damage    Failure   Level
 Ozocubu's Armour         Ice            0%         N/A       80%         3
 Metabolic Englaciation   Hex/Ice        0%         N/A       100%        5
 Simulacrum               Ice/Necr       0%         N/A       100%        6


Dungeon Overview and Level Annotations

Branches:
Dungeon (3/15)

Altars:


Innate Abilities, Weirdness & Mutations

You have a beak for a mouth.
You have claws for feet.


Message History

There is a stone staircase leading up here.
r - a lumpy brown potion You now have 111 gold pieces (gained 7).
You see here a +0 dagger.
The orc wizard shouts!
There are monsters nearby!
The orc shouts!
You closely miss the orc wizard. You claw the orc wizard.
The orc wizard is moderately wounded.
The orc wizard hits you but does no damage.
The orc wizard points at you and mumbles some strange words.
The puff of flame hits you. The orc wizard casts a spell at you.
You are confused.
The orc wizard casts a spell at you. The magic dart hits you!
The orc wizard shouts!
You hear a shout!
You feel less confused.
The orc wizard gestures at you while chanting.
You are confused.
You hear a shout!
The orc completely misses you.
The orc wizard points at you and mumbles some strange words.
The magic dart hits you.
* * * LOW HITPOINT WARNING * * *
The orc hits you but does no damage.
The orc priest shouts!
The orc hits you with a +0 club.
* * * LOW HITPOINT WARNING * * *
The orc wizard mumbles some strange words.
The orc wizard flickers and vanishes!
Deactivating autopickup; reactivate with Ctrl-A.
You closely miss the orc wizard. You claw the orc wizard.
You peck the orc wizard.
The orc wizard is heavily wounded.
The orc hits you with a +0 club.
* * * LOW HITPOINT WARNING * * *
The orc wizard completely misses you.
The orc wizard hits you with a +0 dagger.
You die...

######(..### #.##.##........
#...# #.##.##.###.### #...#
#.......# #.... #...# ####.####
##### # #...# ##.##########
.##.###)..####### #.....##.....
...........o....###......#.....
............o.o................
.............o@.####.....#.....
.####.#....###### ##..<.##.....
#.#....# #.#..######## #.#....#
##.### #.#....# #.# ......#
#.########## ###..$##
#.......#... #.### #.......#.#.
#...)##.#..#


You could see an orc priest, 2 orc wizards and an orc.

Vanquished Creatures
  An adder (D:2)
  2 dart slugs (D:1)
  3 ball pythons
  7 bats
  6 endoplasms
  5 giant cockroaches
  3 goblins
  7 jackals
  3 quokkas
  4 frilled lizards
  6 kobolds
  9 rats
56 creatures vanquished.

Notes
Turn   | Place    | Note
-------+----------+-------------------------------------------
     0 | D:1      | fiver49 the Tengu Brigand began the quest for the Orb.
     0 | D:1      | Reached XP level 1. HP: 12/12 MP: 2/2
   291 | D:1      | Reached XP level 2. HP: 17/17 MP: 3/3
   569 | D:1      | Reached XP level 3. HP: 21/21 MP: 4/4
  1125 | D:2      | Reached XP level 4. HP: 26/26 MP: 5/5
  2475 | D:3      | HP: 1/26 [orc (3)]
  2477 | D:3      | Slain by an orc wizard

Illustrated notes

Levels and vault maps discovered:
D:1:      dpeg_arrival_three_same_balls, layout_loops_ring,
          corexii_item_surrounded_by_moat, minmay_fountain_box
D:2:      layout_basic
D:3:      layout_loops_cross, chequers_ecumenical_altar_simple

Skill      XL: |  1  2  3 |
---------------+----------+-----
Dodging        | 2 3 4 |  4.0
Fighting       | |  2.0
Short Blades   | |  2.9
Throwing       | |  2.0
Stealth        | |  4.0

Action                   |  1- 3 |  4- 6 || total
-------------------------+-------+-------++-------
Melee: Dagger            |    62 |    31 ||    93
       Kick              |    15 |     8 ||    23
       Peck              |     7 |     5 ||    12
Throw: Dart              |    28 |    17 ||    45
 Stab: Sleeping          |     5 |     2 ||     7
Armor: Leather armour    |    24 |     8 ||    32
Dodge: Dodged            |    20 |     9 ||    29
